 Dungeon Crawl Stone Soup version 0.32-a0-818-gb728d0252e (webtiles) character file.

Game seed: 620115915124825205

32 Lanoc the Sneak (level 3, 0/24 HPs)
             Began as a Coglin Enchanter on Mar 25, 2024.
             Succumbed to an adder's poison
             ... on level 2 of the Dungeon.
             The game lasted 00:01:16 (842 turns).

Lanoc the Sneak (Coglin Enchanter)                   Turns: 842, Time: 00:01:17

Health: 0/24       AC:  2    Str:  8    XL:     3   Next: 25%
Magic:  5/5        EV: 11    Int: 14    God:
Gold:   10         SH:  0    Dex: 16    Spells: 5/5 levels left

rFire   . . .        a - +1 dagger {Daichi}
rCold   . . .        e - +0 short sword (vamp) {Liang}
rNeg    . . .        b - +0 robe
rPois   .            (no helmet)
rElec   .            (no cloak)
rCorr   .            (no gloves)
SInv    .            (no boots)
Will    .....        (amulet unavailable)
Stlth   ++           (ring unavailable)
HPRegen 0.24/turn    (ring unavailable)
MPRegen 0.09/turn    (no gizmo)

%: no passive effects
@: lethally poisoned (0 -> -8), invisible, revved
A: off-hand wielding, slow wielding, warmup strikes, no jewellery
a: Invent Gizmo


You were on level 2 of the Dungeon.
You visited 1 branch of the dungeon, and saw 2 of its levels.

You collected 10 gold pieces.

Inventory:

Hand Weapons
 a - a +1 dagger (weapon) {Daichi}
 e - a +0 vampiric short sword (offhand) {Liang}
Armour
 b - a +0 robe (worn)
Wands
 h - a wand of polymorph (13)
Scrolls
 d - a scroll of fear {unknown}
 f - 3 scrolls of identify {unknown}
Potions
 c - a potion of invisibility


   Skills:
 * Level 2.0 Short Blades
 - Level 1.7 Dodging
 * Level 3.1 Stealth
 - Level 1.7 Spellcasting
 - Level 2.6 Hexes


You had 5 spell levels left.
You didn't know any spells.
Your spell library contained the following spells:

 Spells                   Type           Power      Damage    Failure   Level
 Ensorcelled Hibernation  Hex/Ice        8%         N/A       22%         2
 Confusing Touch          Hex            8%         N/A       24%         3
 Tukima's Dance           Hex            8%         N/A       24%         3
 Lesser Beckoning         Tloc           2%         N/A       36%         2
 Dazzling Flash           Conj/Hex       8%         N/A       38%         3
 Gell's Gravitas          Tloc           1%         N/A       58%         3
 Teleport Other           Tloc           1%         N/A       58%         3


Dungeon Overview and Level Annotations

Branches:
Dungeon (2/15)

Altars:


Innate Abilities, Weirdness & Mutations

You can wield a second weapon in your off-hand.
It takes a long time for you to wield or remove held weapons.
Your first few attacks do less damage.
You cannot equip rings or amulets.


Message History

You closely miss the adder with your +1 dagger.
The adder is moderately wounded.
You closely miss the adder with your +0 vampiric short sword.
The adder bites you.
You are poisoned.
The adder poisons you!
You closely miss the adder with your +1 dagger.
The adder is moderately wounded.
You hit the adder with your +0 vampiric short sword.
You feel better.
You feel sick. The adder bites you.
You are more poisoned.
The adder poisons you!
You hit the adder but do no damage.
The adder is heavily wounded.
You miss the adder with your +1 dagger.
You feel sick. The adder closely misses you.
You barely miss the adder with your +1 dagger.
The adder is heavily wounded.
You hit the adder with your +0 vampiric short sword.
You feel better.
You feel sick. The adder bites you.
You closely miss the adder with your +1 dagger.
The adder is almost dead.
You miss the adder with your +0 vampiric short sword.
You feel sick. The adder closely misses you. The adder bites you.
Found a notched peridot ring.
You feel sick. The adder attacks as it pursues you!
The adder closely misses you.
You closely miss the adder with your +0 vampiric short sword.
You closely miss the adder with your +1 dagger.
You feel sick. The adder bites you but does no damage. The adder bites you.
* * * LOW HITPOINT WARNING * * *
You hit the adder but do no damage. You hit the adder with your +1 dagger.
You feel sick. The adder bites you.
* * * LOW HITPOINT WARNING * * *
You fade into invisibility!
You feel sick. The adder bites you.
* * * LOW HITPOINT WARNING * * *
You are lethally poisoned!
The adder poisons you!
It was a potion of magic.
Magic courses through your body.
You die...

#. # . .# . .#
.# .##. ##.
..##... . ..
#.#..# ..#
#.##..#.##..#
##....##@...#
#
.#.##SS#.##..#
#..##.#..##.#.
##....##....#
#..##.#..##.#
.. #.#.##..#.#
=. #.#
###....##.. ##
.. #
#..#.##..#.#
.# .
#..##.#..##.#
.## ##)#.


You could see 2 adders.

Vanquished Creatures
  An adder (D:2)
  2 dart slugs
  A ribbon worm (D:2)
  2 ball pythons
  2 endoplasms (D:1)
  2 hobgoblins (D:1)
  3 bats
  A frilled lizard (D:1)
  A kobold (D:1)
  3 rats
18 creatures vanquished.

Notes
Turn   | Place    | Note
-------+----------+-------------------------------------------
     0 | D:1      | Lanoc the Coglin Enchanter began the quest for the Orb.
     0 | D:1      | Reached XP level 1. HP: 13/13 MP: 3/3
   174 | D:1      | Reached skill level 1 in Short Blades
   382 | D:1      | Reached XP level 2. HP: 19/19 MP: 4/4
   693 | D:2      | Reached skill level 3 in Stealth
   693 | D:2      | Reached XP level 3. HP: 19/24 MP: 5/5
   841 | D:2      | HP: 1/24 [adder (2)]
   842 | D:2      | Succumbed to an adder's poison

Illustrated notes

Levels and vault maps discovered:
D:1:      saegor_arrival_simple_b, layout_basic
D:2:      kennysheep_big_flooded_room, layout_rooms, basic_altar,
          nicolae_eternal_life

Skill      XL: |  1  2  3 |
---------------+----------+-----
Short Blades   | 1 2 |  2.0
Stealth        | 3 |  3.1
Dodging        | |  1.7
Spellcasting   | |  1.7
Hexes          | |  2.6

Action                     || total
---------------------------++-------
  Melee: Short sword       ||    45
         Dagger            ||    44
    Use: Potion            ||     2
   Stab: Sleeping          ||     6
 Armour: Robe              ||    26
  Dodge: Dodged            ||    18

Table legend: (Time is in decaauts)
 A = Elapsed time spent in this place.
 B = Non-inter-level travel time spent in this place.
 C = Inter-level travel time spent in this place.
 D = Time resting spent in this place.
 E = Time spent auto-exploring this place.
 F = Levels seen in this place.
 G = Mean time per level.
                   A        B        C        D        E       F      G
               +--------+--------+--------+--------+--------+-----+--------+
         Total |    837 |    830 |      7 |      0 |    672 |   2 |  418.5 |
       Dungeon |    837 |    830 |      7 |      0 |    672 |   2 |  418.5 |
               +--------+--------+--------+--------+--------+-----+--------+

Top non-repeatable levels by time:
     D:1: 645 daAuts
     D:2: 192 daAuts
